 Dungeon Crawl Stone Soup version 0.25-a0-558-g78a2afb0af (webtiles) character file.

Game seed: 15173968219272731525, levelgen mode: deterministic

438279 dungeonSynth the Brawler (level 22, 0/231 HPs)
             Began as a Troll Monk on Feb 25, 2020.
             Was the Champion of Jiyva.
             Killed from afar by a crystal guardian (46 damage)
             ... with a crystal bolt
             ... on level 4 of the Vaults.
             The game lasted 02:44:26 (49654 turns).

dungeonSynth the Brawler (Troll Monk)              Turns: 49654, Time: 02:44:26

Health: 0/231      AC: 28    Str: 22    XL:     22   Next: 65%
Magic:  28/28      EV: 13    Int: 17    God:    Jiyva [******]
Gold:   2556       SH: 23    Dex: 19    Spells: 25/31 levels left

rFire    . . .     SeeInvis +     - Unarmed
rCold    . . .     Gourm    +   Z - +2 tower shield {rPois}
rNeg     + + +     Faith    .   v - +4 pearl dragon scales
rPois    +         Spirit   .   R - +0 hat
rElec    +         Reflect  .   r - +1 cloak
rCorr    +         Harm     +   (gloves unavailable)
MR       +....                  (boots unavailable)
Stlth    ..........             C - amulet of Sif Muna's Hope {Harm *Drain rElec rN+++ Str-2}
HPRegen  0.88/turn              M - ring "Dehaahue" {rPois Str+4 Int+4}
MPRegen  0.21/turn              A - +6 ring of slaying

@: marked
A: large, unfitting armour, claws 3, repulsion field 1, thin metallic scales 1,
see invisible, agile 1, blink, fast metabolism 3, gourmand, regeneration 1,
shaggy fur 1, tough skin 3, jelly sensing items
}: 3/15 runes: decaying, slimy, gossamer
a: Blink, Request Jelly, Slimify, Cure Bad Mutation, Renounce Religion


You were on level 4 of the Vaults.
You worshipped Jiyva.
Jiyva was exalted by your worship.
You were completely stuffed.

You visited 9 branches of the dungeon, and saw 44 of its levels.
You visited the Abyss 3 times.
You also visited: Ossuary, Gauntlet, Ice Cave and Desolation.

You collected 4431 gold pieces.
You spent 1875 gold pieces at shops.

Inventory:

Armour
 r - a +1 cloak (worn)
 v - +4 pearl dragon scales (worn)
 y - +0 fire dragon scales
 R - a +0 hat (worn)
 Z - a +2 tower shield of poison resistance (worn)
Jewellery
 A - a +6 ring of slaying (right claw)
 B - the ring of the Barnacle {Wiz rN+}
   (You took it off a big kobold on level 12 of the Dungeon)

   [ring of wizardry]

   It improves your spell success rate.
   It protects you from negative energy.
 C - the amulet of Sif Muna's Hope (around neck) {Harm *Drain rElec rN+++ Str-2}
   (You found it in the Desolation of Salt)

   [amulet of harm]

   It increases damage dealt and taken.
   It affects your strength (-2).
   It insulates you from electricity.
   It renders you almost immune to negative energy.
   It causes draining when unequipped.
 G - an uncursed ring of see invisible
 H - an uncursed ring of protection from cold
 M - the ring "Dehaahue" (left claw) {rPois Str+4 Int+4}
   (You took it off a deep elf sorcerer on level 3 of the Elven Halls)

   [ring of poison resistance]

   It affects your strength (+4).
   It affects your intelligence (+4).
   It protects you from poison.
Wands
 w - a wand of flame (8)
 E - a wand of iceblast (35)
 O - a wand of acid (23)
Scrolls
 d - 3 scrolls of amnesia
 l - 17 scrolls of teleportation
 m - 10 scrolls of magic mapping
 n - 8 scrolls of enchant weapon
 q - 12 scrolls of fog
 t - 16 scrolls of identify
 x - 11 scrolls of remove curse
 z - 2 scrolls of immolation
 D - 3 scrolls of blinking
 F - a scroll of fear
 S - 7 scrolls of enchant armour
 X - 2 scrolls of silence
Potions
 a - a potion of resistance
 c - 8 potions of flight
 e - 8 potions of lignification
 g - 6 potions of haste
 h - 5 potions of magic
 i - 2 potions of berserk rage
 j - a potion of invisibility
 k - 7 potions of brilliance
 o - 5 potions of might
 p - a potion of cancellation
 s - 14 potions of curing
 u - 5 potions of stabbing
Miscellaneous
 f - a sack of spiders
 K - 2 tins of tremorstones
 N - a fan of gales
 T - a phial of floods
 V - a lamp of fire
 W - 2 phantom mirrors
Comestibles
 b - 32 rations


   Skills:
 - Level 16.0 Fighting
 - Level 13.0 Armour
 - Level 4.8 Dodging
 - Level 1.0 Stealth
 - Level 15.0 Shields
 - Level 20.9 Unarmed Combat
 - Level 5.0 Spellcasting
 - Level 8.2 Transmutations
 + Level 14.7 Earth Magic


You had 25 spell levels left.
You knew the following spells:

 Your Spells              Type           Power        Failure   Level  Hunger
a - Statue Form           Tmut/Erth      #####....    43%         6    #######

Your spell library contained the following spells:

 Spells                   Type           Power        Failure   Level  Hunger
 Beastly Appendage        Tmut           ####..       1%          1    None
 Sandblast                Erth           ######       1%          1    None
 Passwall                 Tmut/Erth      #####...     1%          2    #......
 Sticks to Snakes         Tmut           ####....     1%          2    #......
 Petrify                  Tmut/Erth      #####...     3%          4    ####...
 Stone Arrow              Conj/Erth      ####..       4%          3    ###....
 Leda's Liquefaction      Hex/Erth       ####......   17%         4    ####...
 Spider Form              Tmut/Pois      ###.......   19%         3    ###....
 Ignite Poison            Fire/Tmut/Pois ##......     32%         3    ###....
 Blade Hands              Tmut           ####......   32%         5    ######.
 Animate Skeleton         Necr           N/A          34%         1    None
 Apportation              Tloc           #.....       34%         1    None
 Corona                   Hex            #......      34%         1    None
 Shock                    Conj/Air       #...         34%         1    None
 Summon Butterflies       Summ           #.......     34%         1    None
 Summon Small Mammal      Summ           #...         34%         1    None
 Borgnjor's Vile Clutch   Necr/Erth      ####......   43%         5    ######.
 Call Imp                 Summ           #.......     45%         2    #......
 Corpse Rot               Necr/Air       N/A          45%         2    #......
 Ensorcelled Hibernation  Hex/Ice        #.....       45%         2    #......
 Poisonous Vapours        Pois/Air       #.....       45%         2    #......
 Slow                     Hex            #.......     45%         2    #......
 Sublimation of Blood     Necr           #.........   45%         2    #......
 Swiftness                Chrm/Air       #.......     45%         2    #......
 Ice Form                 Ice/Tmut       ###.....     54%         4    ####...
 Confusing Touch          Hex            #.......     71%         3    ###....
 Conjure Flame            Conj/Fire      #.......     71%         3    ###....
 Dazzling Flash           Conj/Hex       #.....       71%         3    ###....
 Gell's Gravitas          Tloc           #.........   71%         3    ###....
 Inner Flame              Hex/Fire       #.......     71%         3    ###....
 Lesser Beckoning         Tloc           #.........   71%         3    ###....
 Mephitic Cloud           Conj/Pois/Air  #.......     71%         3    ###....
 Portal Projectile        Hex/Tloc       #.....       71%         3    ###....
 Recall                   Summ/Tloc      N/A          71%         3    ###....
 Static Discharge         Conj/Air       #.......     71%         3    ###....
 Tukima's Dance           Hex            #.......     71%         3    ###....
 Bolt of Magma            Conj/Fire/Erth ###.......   77%         5    ######.
 Alistair's Intoxication  Tmut/Pois      ###.....     87%         5    ######.
 Yara's Violent Unravell  Hex/Tmut       ###.......   87%         5    ######.
 Iron Shot                Conj/Erth      ####......   95%         6    #######
 Airstrike                Air            #.........   98%         4    ####...
 Cause Fear               Hex            #.........   98%         4    ####...
 Dispel Undead            Necr           #.......     98%         4    ####...
 Fulminant Prism          Conj/Hex       #.........   98%         4    ####...
 Summon Ice Beast         Ice/Summ       #.......     98%         4    ####...
 Summon Lightning Spire   Summ/Air       #.......     98%         4    ####...
 Agony                    Necr           #.......     100%        5    ######.
 Aura of Abjuration       Summ           #.........   100%        5    ######.
 Excruciating Wounds      Chrm/Necr      #.........   100%        5    ######.
 Fireball                 Conj/Fire      #.........   100%        5    ######.
 Iskenderun's Battlesphe  Conj/Chrm      #.......     100%        5    ######.
 Lightning Bolt           Conj/Air       #.........   100%        5    ######.
 Metabolic Englaciation   Hex/Ice        #.........   100%        5    ######.
 Silence                  Hex/Air        #.........   100%        5    ######.
 Summon Demon             Summ           #.........   100%        5    ######.
 Summon Forest            Summ/Tloc      #.........   100%        5    ######.
 Summon Mana Viper        Hex/Summ       #.......     100%        5    ######.
 Conjure Ball Lightning   Conj/Air       #.........   100%        6    #######
 Darkness                 Hex            #.........   100%        6    #######
 Deflect Missiles         Chrm/Air       #.........   100%        6    #######
 Freezing Cloud           Conj/Ice/Air   #.........   100%        6    #######
 Invisibility             Hex            #.......     100%        6    #######
 Ozocubu's Refrigeration  Ice            #.........   100%        6    #######
 Shadow Creatures         Summ           N/A          100%        6    #######
 Simulacrum               Ice/Necr       #.........   100%        6    #######
 Starburst                Conj/Fire      #.........   100%        6    #######
 Orb of Destruction       Conj           #.........   100%        7    #######
 Ring of Flames           Chrm/Fire      #.........   100%        7    #######
 Spellforged Servitor     Conj/Summ      #.........   100%        7    #######
 Discord                  Hex            #.........   100%        8    #######
 Ignition                 Fire           #.........   100%        8    #######
 Shatter                  Erth           ######....   100%        9    #######
 Tornado                  Air            #.........   100%        9    #######


Dungeon Overview and Level Annotations

Branches:
Dungeon (15/15)            Temple (1/1) D:4            Lair (6/6) D:11
  Swamp (4/4) Lair:2       Spider (4/4) Lair:4        Slime (5/5) Lair:5
    Orc (2/2) D:11            Elf (3/3) Orc:2        Vaults (4/5) D:14
  Crypt (0/3) Vaults:2     Depths (0/5) D:15        Ossuary (visited)
  IceCv (visited)         Desolation (visited)      Gauntlet (visited)

Altars:
Ashenzari
Cheibriados
Dithmenos
Elyvilon
Fedhas
Gozag
Hepliaklqana
Kikubaaqudgha
Makhleb
Nemelex Xobeh
Okawaru
Qazlal
Ru
Sif Muna
Trog
Uskayaw
Vehumet
Wu Jian
Xom
Yredelemnul
Zin
The Shining One
Beogh
Jiyva

Shops:
D:6 ?   D:7 [   D:8 :   D:13 (   D:15 :   Orc:2 :[(*   Elf:1 (%(%   Vaults:1 [

Annotations:
D:6 3 runed translucent doors, astraldaughter's ghost, novice OpAE
Slime:5 Royal Jelly
Elf:2 2 transporters, 3 runed translucent doors, daodarkstar's ghost, adept DsFi


Innate Abilities, Weirdness & Mutations

You are too large for most types of armour.
You have claws for hands.
Your metabolism is lightning-fast.
You like to eat raw meat.
Your natural rate of healing is unusually fast.
You are covered in fur. (AC +1)
You have extremely tough skin. (AC +3)
You are surrounded by a mild repulsion field. (EV +2)
You are partially covered in thin metallic scales. (AC +2)
You have supernaturally acute eyesight. (SInv)
You are agile. (Dex +2)
You can translocate small distances at will.
You have a small jelly attached to you that senses nearby items.


Message History

The vault sentinel casts a spell at you.
The mark upon you grows brighter.
The storm dragon breathes lightning at you.
The bolt of lightning hits you! You resist.
* * * LOW HITPOINT WARNING * * *
You hear a slurping noise.
Jiyva alters your body.
You feel as though nothing has changed. Jiyva appreciates your sacrifice.
You feel a little less hungry.
You feel better.
You feel much better.
The storm dragon breathes lightning at you.
The bolt of lightning hits the jelly!
The bolt of lightning hits you. You resist.
* * * LOW HITPOINT WARNING * * *
The crystal guardian fires a crystalline bolt at you.
The crystal bolt freezes the jelly!!!
The jelly dies!
The crystal bolt freezes you!!!
You die...

###### #....#
############### # ##....#
#.............. ###.....#
#....@)p.D.....#
.J......####..####8'####..#
..........##..#..))....#..#
..J........#..#........#..#
..........J#..#..####..#.^#
...........'..#.. ∆ ..#..#
..........##..#.. ∆∆ .#..#
# ........####..#. #..# #
###.....# #.J#. #..# #


You could see a storm dragon, a crystal guardian and a vault sentinel.

Vanquished Creatures
  Sojobo (Vaults:2)
  Margery (Vaults:3)
  Saint Roka (Orc:2)
  Xtahua (Vaults:2)
  Arachne (Spider:4)
  A bone dragon (Abyss:2)
  Rupert (D:13)
  2 liches
  Jorgrun (Orc:1)
  An Ice Fiend (IceCv)
  2 deep elf blademasters (Elf:3)
  9 acid blobs
  2 deep elf master archers (Elf:3)
  A sphinx (Vaults:1)
  Frances (Swamp:1)
  An ancient champion (Vaults:2)
  4 tengu reavers
  2 tentacled starspawn
  Kirke (Swamp:3)
  Donald (Swamp:4)
  A daeva (Abyss:2)
  Roxanne (Swamp:3)
  A storm dragon (D:13)
  2 frost giants
  6 deep elf sorcerers (Elf:3)
  A draconian knight (Vaults:2)
  A fire giant (D:13)
  5 azure jellies
  5 ghost moths
  The ghost of Gargoyl the Pure, a journeyman CeAK of Lugonu (Spider:1)
  Louise (D:14)
  An imperial myrmidon (Desolation)
  10 vault wardens
  14 ironheart preservers
  7 deep elf elementalists (Elf:3)
  A spriggan defender (Vaults:2)
  3 emperor scorpions (Spider:4)
  8 stone giants
  3 entropy weavers
  Nessos (D:14)
  A vampire knight (Vaults:2)
  4 deep elf demonologists (Elf:3)
  A halazid warlock (Desolation)
  An entropy weaver (shapeshifter) (D:13)
  Azrael (D:13)
  A minotaur (Gauntlet)
  7 dire elephants
  9 deep elf annihilators
  2 spark wasps (Spider:4)
  3 crystal guardians (Desolation)
  10 yaktaur captains
  14 deep elf death magi
  5 fire dragons
  A deep elf high priest (Elf:3)
  2 great orbs of eyes
  A jiangshi (Vaults:2)
  7 ragged hierophants (Desolation)
  4 servants of whispers (Desolation)
  2 ice dragons (Vaults:3)
  12 vault guards
  27 hydras
  A shambling mangrove (Swamp:4)
  2 rakshasas
  4 ghost crabs
  A catoblepas (Lair:5)
  2 anacondas
  11 peacekeepers
  6 centaur warriors
  The ghost of Gepuarphe the Spear-Bearer, a journeyman DsGl of Okawaru (D:9)
  5 ogre magi
  5 death yaks
  An anaconda (shapeshifter) (Vaults:4)
  A two-headed ogre (shapeshifter) (Vaults:1)
  19 alligators
  20 two-headed ogres
  9 dancing weapons
  Urug (D:10)
  2 orc high priests
  2 death knights
  A tengu warrior (Gauntlet)
  A vampire mage (Vaults:2)
  5 hell hogs (Abyss:3)
  5 thrashing horrors
  15 deep elf knights
  A sun demon (Abyss:2)
  Nergalle (D:10)
  3 wretched stars
  2 shadow wraiths (Vaults:3)
  5 skeletal warriors
  5 unseen horrors
  A death drake (Abyss:3)
  3 hell knights (Vaults:3)
  A sixfirhy (Abyss:4)
  3 deep trolls
  A spriggan druid (Swamp:2)
  An unseen horror (shapeshifter) (D:14)
  11 swamp dragons
  A storm dragon skeleton (Abyss:2)
  12 ironbrand convokers
  15 deep elf archers
  A death drake (shapeshifter) (D:14)
  2 wizards
  3 harpies (Vaults:4)
  2 necromancers (Vaults:2)
  A harpy (shapeshifter) (D:13)
  27 ugly things
  13 orc knights
  46 deep elf magi
  6 orc sorcerers
  Pikel (D:9)
  10 orb spiders
  19 wolf spiders
  An oklob plant (Lair:5)
  A cyclops (Vaults:1)
  4 moths of wrath (Spider:3)
  A salamander (D:15)
  2 manticores
  8 large abominations
  16 elephants
  2 guardian serpents (Desolation)
  8 black mambas
  4 centaur zombies
  2 eyes of devastation
  A black mamba (shapeshifter) (D:14)
  12 vault sentinels
  An apocalypse crab (Abyss:2)
  A gargoyle (D:15)
  4 smoke demons
  3 rime drakes
  27 spiny frogs
  2 centaur skeletons
  An ice statue (IceCv)
  4 torpor snails
  An efreet (D:15)
  28 yaktaurs
  5 komodo dragons
  A ghost moth simulacrum (Abyss:3)
  2 anaconda simulacra (IceCv)
  A kobold demonologist (D:14)
  10 demonic crawlers
  4 ice devils (IceCv)
  A komodo dragon (shapeshifter) (Vaults:4)
  5 freezing wraiths
  3 tengu conjurers
  2 ancient zymes
  A yaktaur skeleton (Vaults:2)
  2 golden dragon simulacra (IceCv)
  A queen bee (shapeshifter) (Vaults:1)
  A wind drake (shapeshifter) (Vaults:4)
  42 jumping spiders
  13 trolls
  2 polar bears
  11 tyrant leeches
  3 meliai (D:14)
  A meliai zombie (D:15)
  49 saltlings
  17 bog bodies
  18 hornets
  4 raiju (Abyss:2)
  6 dream sheep
  2 harpy skeletons
  52 slime creatures
  17 blink frogs
  4 flying skulls (Gauntlet)
  9 hippogriffs
  3 air elementals
  4 ynoxinuls
  11 tarantellas
  6 spriggans
  3 dire elephant simulacra (IceCv)
  5 vampires
  3 wyverns
  5 shadows
  66 redbacks
  57 yaks
  6 water elementals
  A basilisk (D:12)
  2 hogs (Swamp:3)
  A chaos spawn (Abyss:3)
  9 golden eyes
  2 hungry ghosts
  A death yak simulacrum (IceCv)
  3 fire elementals (D:13)
  16 humans
  3 neqoxecs
  2 steam dragons
  2 iron troll simulacra (IceCv)
  24 vampire mosquitoes
  11 wargs
  6 insubstantial wisps
  A harpy simulacrum (IceCv)
  3 acid dragons (Vaults:1)
  13 swamp worms
  5 hydra simulacra (IceCv)
  7 hell hounds
  A soldier ant (D:12)
  A soldier ant (shapeshifter) (Vaults:3)
  5 porcupines
  15 swamp drakes
  6 small abominations
  18 water moccasins
  2 black bears
  An alligator simulacrum (IceCv)
  39 orc warriors
  4 ice beasts
  3 human zombies (Vaults:2)
  An eye of draining (shapeshifter) (Gauntlet)
  A hornet zombie (D:14)
  A sky beast (D:11)
  4 phantoms
  20 ogres
  A slave (D:9)
  4 eyes of draining
  21 wolves
  5 boggarts
  14 centaurs
  22 crocodiles
  8 big kobolds
  12 bullfrogs
  Blork the orc (Orc:2)
  A wyvern zombie (D:12)
  A wyvern skeleton (D:11)
  2 water moccasin zombies (Ossuary)
  2 earth elementals (Elf:3)
  A hornet simulacrum (Vaults:1)
  2 scorpions (D:10)
  A water moccasin skeleton (D:11)
  8 killer bees
  10 wights
  An elf simulacrum (Vaults:1)
  2 vampire bats (D:6)
  3 howler monkeys
  2 electric eels
  6 crimson imps
  5 draconian simulacra (IceCv)
  A starcursed mass (Abyss:2)
  5 quasits
  2 human simulacra
  6 hounds
  2 jellies
  26 orc priests
  3 bullfrog skeletons
  5 iron imps
  7 iguanas
  A polar bear simulacrum (IceCv)
  4 hell rats (D:11)
  41 orc wizards
  2 spriggan simulacra (IceCv)
  10 worker ants
  2 troll simulacra (IceCv)
  A killer bee zombie (D:9)
  2 wolf simulacra (IceCv)
  4 big kobold zombies (Ossuary)
  3 centaur simulacra (IceCv)
  A hound zombie (D:9)
  3 mummies
  A hound skeleton (D:10)
  3 worker ant zombies
  15 adders
  7 gnolls
  3 naga simulacra (IceCv)
  2 ogre simulacra (IceCv)
  A river rat (D:11)
  2 shadow imps (D:14)
  8 white imps
  An ufetubus (IceCv)
  2 adder zombies
  An adder skeleton (D:8)
  A worm (D:5)
  8 leopard geckos
  94 orcs
  6 ball pythons
  A bat skeleton (D:6)
  3 bat zombies (D:6)
  9 giant cockroaches
  5 gnoll zombies
  8 goblins
  2 hobgoblins
  7 jackals
  4 quokkas
  2 ball python skeletons
  16 bats
  7 frilled lizards
  4 goblin skeletons (D:7)
  3 goblin zombies (D:7)
  7 hobgoblin zombies
  A jackal skeleton (D:4)
  31 kobolds
  4 kobold skeletons (D:7)
  5 kobold zombies (Ossuary)
  7 orc zombies (Ossuary)
  5 rats
  2 plants
  2 starspawn tentacles (Abyss:4)
1922 creatures vanquished.

Vanquished Creatures (collateral kills)
  the Lernaean hydra (Swamp:4)
  An imperial myrmidon (Desolation)
  A spriggan druid (Swamp:4)
  A troll (shapeshifter) (Vaults:4)
4 creatures vanquished.

Vanquished Creatures (others)
  A vault warden (Vaults:4)
  2 centaur warriors (Vaults:2)
  A two-headed ogre (Vaults:3)
  An ogre mage (Vaults:3)
  An alligator (Swamp:2)
  An unseen horror (D:13)
  A glowing orange brain (Vaults:3)
  An orc knight (Vaults:4)
  An ironbrand convoker (Vaults:2)
  A wolf spider (Spider:4)
  An ugly thing (Vaults:2)
  3 vault sentinels
  A yaktaur (Vaults:3)
  A demonic crawler (Spider:4)
  2 hornets
  13 slime creatures
  A yak (D:13)
  A human (shapeshifter) (Vaults:2)
  2 swamp worms (Swamp:4)
  A swamp drake (Swamp:2)
  2 ogres (Vaults:3)
  2 centaurs (Vaults:2)
  A boggart (Vaults:2)
  46 jellies
  An orc wizard (D:14)
  4 white imps (IceCv)
  2 ufetubi (IceCv)
  3 orcs
  21 fungi
  3 lurking horrors
  24 plants
  5 starspawn tentacles
151 creatures vanquished.

Grand Total: 2077 creatures vanquished

Notes
Turn   | Place    | Note
-------+----------+-------------------------------------------
     0 | D:1      | dungeonSynth the Troll Monk began the quest for the Orb.
     0 | D:1      | Reached XP level 1. HP: 22/22 MP: 0/0
   106 | D:1      | Reached XP level 2. HP: 29/29 MP: 1/1
   351 | D:1      | Found a shimmering altar of Xom.
   364 | D:1      | Reached skill level 4 in Unarmed Combat
   713 | D:2      | Paralysed by fainting for 9 turns
   729 | D:2      | Paralysed by fainting for 7 turns
   747 | D:2      | Paralysed by fainting for 9 turns
   789 | D:2      | Found a shadowy altar of Dithmenos.
   819 | D:2      | Reached XP level 3. HP: 34/36 MP: 2/2
   835 | D:2      | Noticed a phantom
   872 | D:2      | Killed a phantom
   872 | D:2      | Reached skill level 5 in Unarmed Combat
   872 | D:2      | Reached XP level 4. HP: 17/44 MP: 3/3
  1076 | D:2      | Reached XP level 5. HP: 46/50 MP: 4/4
  1079 | D:2      | Reached skill level 6 in Unarmed Combat
  1701 | D:3      | Reached XP level 6. HP: 55/59 MP: 5/5
  1952 | D:3      | Found a basalt altar of Yredelemnul.
  2069 | D:3      | Found a sparkling altar of Nemelex Xobeh.
  2229 | D:4      | Reached skill level 7 in Unarmed Combat
  2388 | D:4      | Found a sand-covered staircase.
  2401 | Ossuary  | Entered an ossuary
  2511 | Ossuary  | Reached XP level 7. HP: 65/68 MP: 6/6
  2814 | D:4      | Found a staircase to the Ecumenical Temple.
  2949 | Temple   | Entered the Ecumenical Temple
  3374 | D:4      | Paralysed by fainting for 5 turns
  3381 | D:5      | Entered Level 5 of the Dungeon
  3492 | D:5      | Found an iron altar of Okawaru.
  3635 | D:5      | Reached skill level 5 in Fighting
  3707 | D:5      | Reached XP level 8. HP: 79/83 MP: 7/7
  3730 | D:5      | Found an ornate altar of the Wu Jian Council.
  3760 | D:5      | Reached skill level 1 in Armour
  4137 | D:6      | Found Kydisk's Magic Scroll Shoppe.
  4144 | D:6      | Bought a scroll of enchant armour for 82 gold pieces
  4144 | D:6      | Bought a scroll of teleportation for 33 gold pieces
  4144 | D:6      | Bought a scroll of remove curse for 33 gold pieces
  4146 | D:6      | Bought a scroll of identify for 22 gold pieces
  4146 | D:6      | Bought a scroll of identify for 22 gold pieces
  4146 | D:6      | Bought a scroll of identify for 22 gold pieces
  4212 | D:6      | Found a runed translucent gate.
  4212 | D:6      | Found a runed translucent gate.
  4212 | D:6      | Found a runed translucent gate.
  4214 | D:6      | Noticed astraldaughter's ghost (novice OpAE)
  4514 | D:6      | Found an ancient bone altar of Kikubaaqudgha.
  4780 | D:6      | Reached skill level 5 in Armour
  4992 | D:7      | Found a glowing golden altar of the Shining One.
  5062 | D:7      | Found a hide-covered altar of Uskayaw.
  5062 | D:7      | Noticed a +0 dagger
  5062 | D:7      | Noticed a +0 hand axe
  5073 | D:7      | Reached skill level 8 in Unarmed Combat
  5096 | D:7      | Found Owof's Antique Armour Boutique.
  5202 | D:7      | Reached XP level 9. HP: 88/89 MP: 8/8
  5772 | D:8      | Reached skill level 9 in Unarmed Combat
  5956 | D:8      | Found an opulent altar of Gozag.
  5956 | D:8      | Found a glowing silver altar of Zin.
  6102 | D:8      | Found Amiathol's Book Shop.
  6545 | D:9      | Noticed a two-headed ogre
  6549 | D:9      | Killed a two-headed ogre
  6549 | D:9      | Reached skill level 10 in Unarmed Combat
  6600 | D:9      | Reached skill level 11 in Unarmed Combat
  6600 | D:9      | Reached XP level 10. HP: 100/100 MP: 9/9
  6646 | D:9      | Noticed Pikel
  6652 | D:9      | Killed Pikel
  6881 | D:9      | Found a burning altar of Makhleb.
  7028 | D:9      | Found a transporter.
  7135 | D:9      | Noticed Gepuarphe's ghost (journeyman DsGl)
  7254 | D:9      | Found a transporter.
  7530 | D:10     | Entered Level 10 of the Dungeon
  7616 | D:10     | Noticed Urug
  7625 | D:10     | Killed Urug
  7625 | D:10     | Reached skill level 12 in Unarmed Combat
  8037 | D:10     | Reached skill level 13 in Unarmed Combat
  8328 | D:10     | Noticed Nergalle
  8341 | D:10     | Killed Nergalle
  8341 | D:10     | Reached XP level 11. HP: 109/110 MP: 10/10
  8439 | D:11     | Found a staircase to the Orcish Mines.
  8471 | D:11     | Noticed a death yak
  8478 | D:11     | Found a staircase to the Lair.
  8478 | D:11     | Noticed a death yak
  8478 | D:11     | Noticed a death yak
  8484 | D:11     | Killed a death yak
  8492 | D:11     | Killed a death yak
  8500 | D:11     | Killed a death yak
  8500 | D:11     | Reached skill level 14 in Unarmed Combat
  8605 | Lair:1   | Entered Level 1 of the Lair of Beasts
  9806 | Lair:2   | Noticed Sonja
  9811 | Lair:2   | Noticed Sonja
  9811 | Lair:2   | Sonja changed into Sonja the rime drake
  9817 | Lair:2   | Killed Sonja the rime drake
  9880 | Lair:1   | Reached XP level 12. HP: 21/119 MP: 11/11
 10280 | Lair:2   | Found a staircase to the Swamp.
 10711 | Lair:3   | Noticed a six-headed hydra
 10716 | Lair:3   | Killed a seven-headed hydra
 11517 | Lair:4   | Found a hole to the Spider Nest.
 11617 | Lair:4   | Reached skill level 10 in Armour
 12032 | Lair:5   | Reached skill level 15 in Unarmed Combat
 12124 | Lair:5   | Noticed a death yak
 12125 | Lair:5   | Noticed a catoblepas
 12502 | Lair:5   | Killed a catoblepas
 12520 | Lair:5   | Killed a death yak
 12524 | Lair:5   | Reached XP level 13. HP: 107/127 MP: 12/12
 12677 | Lair:5   | You fall into a shaft and drop 1 floor!
 12677 | Lair:6   | Entered Level 6 of the Lair of Beasts
 12688 | Lair:6   | Reached skill level 16 in Unarmed Combat
 13145 | Lair:6   | Reached skill level 17 in Unarmed Combat
 14210 | Lair:6   | Noticed a dire elephant
 14210 | Lair:6   | Noticed a dire elephant
 14224 | Lair:6   | Killed a dire elephant
 14230 | Lair:6   | Killed a dire elephant
 14407 | Lair:6   | Noticed a dire elephant
 14408 | Lair:6   | Noticed a dire elephant
 14419 | Lair:6   | Killed a dire elephant
 14419 | Lair:6   | Reached skill level 10 in Fighting
 14426 | Lair:6   | Killed a dire elephant
 14556 | Lair:6   | Reached XP level 14. HP: 140/143 MP: 13/13
 15074 | Lair:5   | Found a staircase to the Slime Pits.
 15189 | Slime:1  | Entered Level 1 of the Pits of Slime
 15189 | Slime:1  | Noticed an azure jelly
 15189 | Slime:1  | Noticed an acid blob
 15392 | Orc:1    | Entered Level 1 of the Orcish Mines
 15641 | Orc:1    | Reached skill level 1 in Shields
 16041 | Orc:2    | Entered Level 2 of the Orcish Mines
 16051 | Orc:2    | Noticed Jorgrun
 16077 | Orc:1    | Killed Jorgrun
 16485 | Orc:2    | Noticed Saint Roka
 16493 | Orc:2    | Noticed Blork the orc
 16527 | Orc:2    | Killed Saint Roka
 16527 | Orc:2    | Reached skill level 18 in Unarmed Combat
 16543 | Orc:2    | Killed Blork the orc
 16555 | Orc:2    | Found a roughly hewn altar of Beogh.
 16574 | Orc:2    | Reached skill level 5 in Shields
 16902 | D:8      | Bought a manual of Shields for 1435 gold pieces
 17027 | Orc:2    | Found a staircase to the Elven Halls.
 17038 | Orc:2    | Found Zousmat's Book Shoppe.
 17045 | Orc:2    | Found Ommilunki's Antique Armour Shoppe.
 17088 | Orc:2    | Found Yhiusho's General Store.
 17096 | Orc:2    | Bought a scroll of identify for 24 gold pieces
 17121 | Orc:2    | Found Naicicij's Antique Weapon Shoppe.
 17910 | D:12     | Reached XP level 15. HP: 67/152 MP: 14/14
 18032 | D:12     | Found a gate leading to a gauntlet.
 18041 | Gauntlet | Entered a Gauntlet
 18041 | Gauntlet | Found a transporter.
 18041 | Gauntlet | Found a transporter.
 18041 | Gauntlet | Found a transporter.
 18041 | Gauntlet | Found a transporter.
 18045 | Gauntlet | Found a transporter.
 18063 | Gauntlet | Found a transporter.
 18071 | Gauntlet | Found a transporter.
 18093 | Gauntlet | Found a transporter.
 18101 | Gauntlet | Found a transporter.
 18120 | Gauntlet | Found a transporter.
 18126 | Gauntlet | Found a transporter.
 18143 | Gauntlet | Found a transporter.
 18469 | D:12     | Reached skill level 10 in Shields
 18708 | D:12     | Identified the ring of the Barnacle {Wiz rN+}
 19192 | D:7      | Bought a glowing tower shield for 202 gold pieces
 19326 | D:13     | Found Huafyok's Weapon Boutique.
 19386 | D:13     | Noticed a fire giant
 19392 | D:13     | Killed a fire giant
 19563 | D:13     | Noticed Azrael
 19643 | D:13     | Killed Azrael
 20078 | D:13     | Noticed a storm dragon
 20093 | D:13     | Killed a storm dragon
 20602 | D:14     | Found a gate to the Vaults.
 20602 | D:14     | Noticed Rupert
 20602 | D:14     | Noticed Nessos
 20602 | D:14     | Noticed Louise
 20654 | D:13     | Killed Rupert
 20779 | D:14     | Killed Nessos
 20861 | D:14     | Killed Louise
 21959 | Spider:1 | Entered Level 1 of the Spider Nest
 22033 | Spider:1 | Reached XP level 16. HP: 160/161 MP: 15/15
 22228 | Spider:1 | Found a runed translucent gate.
 22228 | Spider:1 | Found a runed translucent gate.
 22228 | Spider:1 | Found a runed translucent gate.
 22231 | Spider:1 | Noticed Gargoyl's ghost (journeyman CeAK)
 22290 | Spider:1 | Killed Gargoyl's ghost
 22996 | Spider:2 | You fall into a shaft and drop 1 floor!
 24021 | Spider:3 | Reached skill level 15 in Shields
 24400 | Spider:4 | Entered Level 4 of the Spider Nest
 24508 | Spider:4 | Found a frozen archway.
 24607 | IceCv    | Entered an ice cave
 25465 | IceCv    | Noticed an Ice Fiend
 26069 | IceCv    | Killed an Ice Fiend
 26378 | Spider:4 | Noticed Arachne
 26391 | Spider:4 | Killed Arachne
 26616 | Spider:4 | Paralysed by a hornet for 2 turns
 26650 | Spider:4 | Reached XP level 17. HP: 156/172 MP: 0/16
 27076 | Spider:4 | Got a gossamer rune of Zot
 27576 | Swamp:1  | Entered Level 1 of the Swamp
 27625 | Swamp:1  | Noticed Frances
 27782 | Swamp:1  | Killed Frances
 28759 | Swamp:2  | Cast into level 3 of the Abyss (spriggan druid)
 28822 | Abyss:3  | Noticed a lich
 28830 | Abyss:3  | Killed a lich
 29283 | Swamp:2  | Escaped the Abyss
 29815 | Swamp:2  | Reached skill level 19 in Unarmed Combat
 30580 | Swamp:3  | Reached XP level 18. HP: 175/182 MP: 17/17
 30595 | Swamp:3  | Noticed Kirke
 30603 | Swamp:3  | Killed Kirke
 30672 | Swamp:3  | Identified Roxanne's Guide on the Rocks
 30672 | Swamp:3  | Noticed Roxanne
 30683 | Swamp:3  | Killed Roxanne
 31263 | Swamp:4  | Entered Level 4 of the Swamp
 31381 | Swamp:4  | Reached skill level 20 in Unarmed Combat
 31505 | Swamp:4  | Noticed Donald
 31763 | Swamp:4  | Killed Donald
 31912 | Swamp:4  | Noticed the 27-headed Lernaean hydra
 31921 | Swamp:4  | Killed the 27-headed Lernaean hydra
 32007 | Swamp:4  | Got a decaying rune of Zot
 32673 | Elf:1    | Entered Level 1 of the Elven Halls
 32785 | Elf:1    | Found Wias's Food Shop.
 32878 | Elf:1    | Found Byurresch's Food Shop.
 32933 | Elf:1    | Found Kykhai's Antique Weapon Shoppe.
 33066 | Elf:1    | Found Qedupn's Antique Weapon Emporium.
 34140 | Elf:2    | Identified the +5 longbow "Webuk" {vorpal, Dex+3}
 34141 | Elf:2    | Noticed daodarkstar's ghost (adept DsFi)
 34141 | Elf:2    | Identified the +8 quick blade "Lugeeptung" {chaos, rN+ MR+}
 34143 | Elf:2    | Found a transporter.
 34143 | Elf:2    | Identified the +2 rapier "Noazischu" {holy, rF+ Str+2}
 34151 | Elf:2    | Found a bloodstained altar of Trog.
 34159 | Elf:2    | Found a transporter.
 34228 | Elf:2    | Found a runed translucent gate.
 34228 | Elf:2    | Found a runed translucent gate.
 34238 | Elf:2    | Found a runed translucent gate.
 34326 | Elf:2    | Reached XP level 19. HP: 193/193 MP: 18/18
 34518 | Elf:3    | Entered Level 3 of the Elven Halls
 35401 | Elf:3    | Cast into level 2 of the Abyss (a deep elf sorcerer)
 35476 | Abyss:2  | Noticed a bone dragon
 35487 | Abyss:2  | Killed a bone dragon
 35676 | Elf:3    | Escaped the Abyss
 36133 | Elf:3    | Reached skill level 15 in Fighting
 36142 | Elf:3    | Cast into level 2 of the Abyss (a deep elf sorcerer)
 36477 | Abyss:2  | Paralysed by accursed screaming for 1 turns
 36695 | Elf:3    | Escaped the Abyss
 36781 | Elf:3    | Identified the ring "Forget-Me-Not" {rF- rN++ MR+}
 36892 | Elf:3    | Identified the ring "Dehaahue" {rPois Str+4 Int+4}
 36921 | Elf:3    | Found the +2 cloak of the Thief {+Fog Slay-2 SInv Stlth+}
 36935 | Elf:3    | Identified the Grimoire of Dislocated Calling
 37656 | Lair:5   | Reached XP level 20. HP: 190/213 MP: 2/19
 37767 | Lair:5   | Learned a level 6 spell: Statue Form
 37770 | Slime:1  | Paralysed by a great orb of eyes for 3 turns
 37783 | Slime:1  | Reached skill level 1 in Earth Magic
 38466 | Slime:2  | Reached skill level 5 in Earth Magic
 38815 | Slime:5  | Entered Level 5 of the Pits of Slime
 39080 | Slime:5  | Noticed the Royal Jelly
 39083 | Slime:5  | Found a viscous altar of Jiyva.
 39088 | Slime:5  | Became a worshipper of Jiyva Jamaajus the Shapeless
 39088 | Slime:5  | Reached * piety under Jiyva
 39088 | Slime:5  | Reached ** piety under Jiyva
 39845 | Orc:1    | Reached *** piety under Jiyva
 39856 | Orc:1    | Gained mutation: You expend magic power (3 MP) to
                  | strengthen your wands. [Jiyva's grace]
 39867 | Orc:1    | Reached **** piety under Jiyva
 39957 | Orc:2    | Gained mutation: Your spells are a little harder to cast,
                  | but a little more powerful. [Jiyva's grace]
 39958 | Orc:2    | Lost mutation: You expend magic power (3 MP) to strengthen
                  | your wands. [potion of mutation]
 39958 | Orc:2    | Lost mutation: Your spells are a little harder to cast, but
                  | a little more powerful. [potion of mutation]
 39958 | Orc:2    | Gained mutation: Your muscles are strong. (Str +2) [potion
                  | of mutation]
 39958 | Orc:2    | Gained mutation: You are resistant to hostile enchantments.
                  | (MR+) [potion of mutation]
 39992 | Orc:2    | Reached ***** piety under Jiyva
 40074 | Elf:1    | Lost mutation: You are resistant to hostile enchantments.
                  | (MR+) [Jiyva's grace]
 40406 | Elf:2    | Gained mutation: You are robust. (+10% HP) [Jiyva's grace]
 40462 | Elf:3    | Lost mutation: You are robust. (+10% HP) [Jiyva's grace]
 40462 | Elf:3    | Reached ****** piety under Jiyva
 40487 | Elf:3    | Gained mutation: You have a pair of small horns on your
                  | head. [Jiyva's grace]
 40499 | Elf:3    | Gained mutation: You are surrounded by a mild repulsion
                  | field. (EV +2) [Jiyva's grace]
 40512 | Elf:3    | Gained mutation: You have large cloven feet. [Jiyva's
                  | grace]
 40544 | Elf:3    | Lost mutation: Your muscles are strong. (Str +2) [Jiyva's
                  | grace]
 41038 | Orc:2    | Lost mutation: You have large cloven feet. [Jiyva's grace]
 41047 | Orc:2    | Gained mutation: You possess an exceptional clarity of
                  | mind. [Jiyva's grace]
 41310 | Swamp:4  | Gained mutation: Your rubbery body absorbs attacks. (AC +1,
                  | EV +1) [Jiyva's grace]
 41346 | Swamp:4  | Lost mutation: You possess an exceptional clarity of mind.
                  | [Jiyva's grace]
 41684 | D:11     | Gained mutation: You are somewhat resistant to further
                  | mutation. [Jiyva's grace]
 42044 | D:12     | Lost mutation: You are somewhat resistant to further
                  | mutation. [Jiyva's grace]
 42044 | D:12     | Gained mutation: You evolve. [Jiyva's grace]
 42195 | D:13     | Gained mutation: Your spells are a little harder to cast,
                  | but a little more powerful. [Jiyva's grace]
 42229 | D:13     | Lost mutation: You have a pair of small horns on your head.
                  | [Jiyva's grace]
 42281 | D:13     | Gained mutation: Your flesh is cold resistant. (rC+)
                  | [Jiyva's grace]
 42459 | D:14     | Gained mutation: Armour fits poorly on your pseudopods.
                  | [Jiyva's grace]
 42492 | D:15     | Entered Level 15 of the Dungeon
 42644 | D:15     | Found a staircase to the Depths.
 42741 | D:15     | Lost mutation: Armour fits poorly on your pseudopods.
                  | [Jiyva's grace]
 42762 | D:15     | Gained mutation: You are agile. (Dex +2) [Jiyva's grace]
 42930 | D:15     | Found Jineo's Book Shop.
 43417 | Slime:5  | Gained mutation: You are dopey. (Int -2) [Jiyva's grace]
 43420 | Slime:5  | Lost mutation: You are agile. (Dex +2) [Jiyva's grace]
 43425 | Slime:5  | Gained mutation: Armour fits poorly on your pseudopods.
                  | [Jiyva's grace]
 43430 | Slime:5  | Gained mutation: Your system is resistant to poisons.
                  | (rPois) [Jiyva's grace]
 43447 | Slime:5  | Lost mutation: Your flesh is cold resistant. (rC+) [Jiyva's
                  | grace]
 43457 | Slime:5  | Got a slimy rune of Zot
 43626 | Lair:3   | Gained mutation: You have sharp toenails. [evolution]
 43793 | D:9      | Killed Gepuarphe's ghost
 43922 | D:13     | Lost mutation: You are dopey. (Int -2) [Jiyva's power]
 43995 | Vaults:1 | Entered Level 1 of the Vaults
 44044 | Vaults:1 | Found Lijengaq's Armour Shoppe.
 44543 | Vaults:1 | Reached skill level 10 in Earth Magic
 44572 | Vaults:1 | Lost mutation: Your system is resistant to poisons. (rPois)
                  | [Jiyva's grace]
 44776 | Vaults:1 | Lost mutation: You have sharp toenails. [Jiyva's grace]
 44841 | Vaults:1 | Gained mutation: You are agile. (Dex +2) [Jiyva's grace]
 44865 | Vaults:1 | Gained mutation: Your body has grown golden eyes which may
                  | confuse attackers. (Acc +3) [Jiyva's grace]
 45075 | Vaults:1 | Lost mutation: Armour fits poorly on your pseudopods.
                  | [Jiyva's grace]
 45298 | Vaults:2 | Noticed Sojobo
 45312 | Vaults:2 | Killed Sojobo
 45360 | Vaults:2 | Lost mutation: You are agile. (Dex +2) [Jiyva's grace]
 45420 | Vaults:2 | Reached XP level 21. HP: 222/222 MP: 20/20
 45454 | Vaults:2 | Lost mutation: Your spells are a little harder to cast, but
                  | a little more powerful. [Jiyva's grace]
 45460 | Vaults:2 | Gained mutation: You possess an exceptional clarity of
                  | mind. [Jiyva's grace]
 45511 | Vaults:2 | Lost mutation: Your body has grown golden eyes which may
                  | confuse attackers. (Acc +3) [Jiyva's grace]
 45512 | Vaults:2 | Gained mutation: Your translucent skin slightly reduces
                  | your foes' accuracy. (Stealth) [Jiyva's grace]
 45698 | Vaults:2 | Gained mutation: Your translucent skin reduces your foes'
                  | accuracy. (Stealth) [Jiyva's grace]
 45707 | Vaults:2 | Noticed Xtahua
 45715 | Vaults:2 | Killed Xtahua
 45715 | Vaults:2 | Reached skill level 1 in Spellcasting
 45731 | Vaults:2 | Gained mutation: You are partially covered in large bone
                  | plates. (SH +4) [Jiyva's grace]
 45889 | Vaults:2 | Lost mutation: Your translucent skin reduces your foes'
                  | accuracy. (Stealth) [Jiyva's grace]
 45974 | Vaults:2 | Lost mutation: You evolve. [Jiyva's grace]
 46009 | Vaults:2 | Lost mutation: You are partially covered in large bone
                  | plates. (SH +4) [Jiyva's grace]
 46470 | Vaults:2 | Found a staircase to the Crypt.
 46588 | Vaults:3 | Gained mutation: Your muscles are strong. (Str +2) [Jiyva's
                  | grace]
 46632 | Vaults:3 | Reached skill level 5 in Spellcasting
 46654 | Vaults:3 | Gained mutation: Armour fits poorly on your pseudopods.
                  | [Jiyva's grace]
 46670 | Vaults:3 | Reached skill level 1 in Transmutations
 46725 | Vaults:3 | Gained mutation: You are clumsy. (Dex -2) [Jiyva's grace]
 46763 | Vaults:3 | Gained mutation: You have sharp toenails. [Jiyva's grace]
 46775 | Vaults:3 | Noticed Margery
 46784 | Vaults:3 | Killed Margery
 46815 | Vaults:3 | Gained mutation: You have a small jelly attached to you
                  | that senses nearby items. [Jiyva's grace]
 46893 | Vaults:3 | Found a ruined gateway.
 46905 | Desolati | Entered the Desolation of Salt
 47063 | Desolati | Reached skill level 5 in Transmutations
 47387 | Desolati | Identified the Incunabulum of Enchanting Feathers
 47473 | Desolati | Reached XP level 22. HP: 203/231 MP: 28/28
 47508 | Desolati | Gained mutation: You are covered in slimy tendrils that may
                  | disarm your opponents. [Jiyva's grace]
 47525 | Desolati | Lost mutation: You are clumsy. (Dex -2) [Jiyva's power]
 47788 | Desolati | Gained mutation: You have a pair of small horns on your
                  | head. [Jiyva's grace]
 47859 | Desolati | Got a smoking ivory ring
 47861 | Desolati | Got a steaming ruby amulet
 47863 | Desolati | Got a translucent bone ring
 48106 | Desolati | Lost mutation: Your rubbery body absorbs attacks. (AC +1,
                  | EV +1) [Jiyva's grace]
 48188 | Vaults:3 | Identified the ring "Ocoxuyt" {*Tele +Inv rF- Str+2} (You
                  | found it in the Desolation of Salt)
 48189 | Vaults:3 | Identified the amulet of Sif Muna's Hope {Harm *Drain rElec
                  | rN+++ Str-2} (You found it in the Desolation of Salt)
 48192 | Vaults:3 | Identified the ring "Uthryschuot" {rN+ Int+3 Stlth-} (You
                  | found it in the Desolation of Salt)
 48468 | Vaults:3 | Lost mutation: You possess an exceptional clarity of mind.
                  | [Jiyva's grace]
 48609 | Vaults:3 | Gained mutation: Your mind is acute. (Int +2) [Jiyva's
                  | grace]
 48678 | Vaults:3 | Identified the ring "Qafa Kon" {Ice rElec rPois Stlth+}
 48764 | Vaults:3 | Lost mutation: Your translucent skin slightly reduces your
                  | foes' accuracy. (Stealth) [Jiyva's grace]
 48778 | Vaults:3 | Lost mutation: Your mind is acute. (Int +2) [Jiyva's grace]
 48966 | Vaults:3 | Gained mutation: You are partially covered in thin metallic
                  | scales. (AC +2) [Jiyva's grace]
 48980 | Vaults:3 | Lost mutation: Your muscles are strong. (Str +2) [Jiyva's
                  | grace]
 49382 | Vaults:4 | Lost mutation: Armour fits poorly on your pseudopods.
                  | [Jiyva's grace]
 49396 | Vaults:4 | Lost mutation: You have sharp toenails. [Jiyva's grace]
 49426 | Vaults:4 | Gained mutation: You can translocate small distances at
                  | will. [Jiyva's grace]
 49437 | Vaults:4 | Gained mutation: Your body sometimes deteriorates upon
                  | taking damage. [Jiyva's grace]
 49466 | Vaults:4 | Lost mutation: Your body sometimes deteriorates upon taking
                  | damage. [Jiyva's power]
 49467 | Vaults:4 | Gained mutation: You have supernaturally acute eyesight.
                  | (SInv) [Jiyva's grace]
 49491 | Vaults:4 | Lost mutation: You are covered in slimy tendrils that may
                  | disarm your opponents. [Jiyva's grace]
 49540 | Vaults:4 | Lost mutation: You have a pair of small horns on your head.
                  | [Jiyva's grace]
 49546 | Vaults:4 | Gained mutation: You are agile. (Dex +2) [Jiyva's grace]
 49628 | Vaults:4 | Identified the +3 robe of the Land of Plenty {+Fly rCorr
                  | Str+3}
 49654 | Vaults:4 | Killed from afar by a crystal guardian

Levels and vault maps discovered:
D:1:      tarquinn_simple_flora_water_c, layout_basic, minmay_misc_feat_iff,
          xom_teletrap_fun
D:2:      layout_loops_ring, grunt_dithmenos_smoke_and_mirrors, minmay_tall_x
D:3:      layout_basic, lemuel_zombie_altar_yredelemnul, marbit_many_paths,
          minmay_distorted
D:4:      layout_loops_ring, minmay_temple_entry_enclosed_plants, first_ration,
          gup_ossuary_entry_pyramid
D:5:      layout_loops_ring, nicolae_overflow_crystal_walls, old_standard_altar
D:6:      layout_loops_corners, kennysheep_vampire_church, serial_shops,
          shop_scrolls, ebering_ghost_rock_garden
D:7:      layout_basic, dancing_weapons_uskayaw, serial_shops,
          nicolae_shop_temple_entry_statues_fountains, grunt_ogre_cave,
          nicolae_tso_besieged_by_evil
D:8:      layout_loops_cross, grunt_temple_overflow_gold_and_silver,
          serial_shops, nicolae_shop_competitors_out_of_business
D:9:      layout_layer_cave, kennysheep_little_box, gammafunk_ghost_stat_death,
          grunt_ministairs_8, kennysheep_windowed_goal, uniq_pikel
D:10:     layout_gridville, uniq_nergalle, uniq_urug
D:11:     layout_loops_ring, dpeg_lair_monsters, orc_0_dummy,
          chequers_serial_rivers_micro_a, minivault_16, minmay_hedge_maze
D:12:     layout_loops_cross, gauntlet_entry_generic, hangedman_batty
D:13:     minmay_octo_star, layout_basic, serial_shops, shop, uniq_azrael
D:14:     layout_loops_cross, david_vaults_3, corexii_hall_statues_l,
          uniq_louise
D:15:     hangedman_depths_entry_try_elsewhere_first, layout_irregular_city,
          serial_park_gazebo [serial_park_minivault_5x5_1], serial_shops,
          nicolae_shop_statue_plus
Temple:   minmay_temple_forest_path
Lair:1:   layout_cave_pods, beast_lair_carwin_1
Lair:2:   layout_regular_city, minmay_swamp_entry_worms, grunt_megastairs_2,
          uniq_sonja
Lair:3:   layout_gridlike, beast_lair_carwin_9
Lair:4:   layout_roguey, spider_nest_entry_a
Lair:5:   layout_roguey, minmay_slime_entry_oklob_enclosed,
          nicolae_lair_yak_garden
Lair:6:   due_jungle_book, layout_regular_city, serial_bayou_shore_a,
          lemuel_fruit_fields, lemuel_fruit_fields, grunt_megastairs_4
Swamp:1:  layout_basic_swamp, evilmike_swamp_ruin_house_4, swamp_pool1,
          hangedman_swamp_cone, uniq_frances
Swamp:2:  layout_basic_swamp, evilmike_swamp_ruin_rubble_2
Swamp:3:  layout_basic_swamp, hangedman_swamp_ruin_wall,
          nicolae_swamp_snake_nest, uniq_roxanne, uniq_kirke
Swamp:4:  grunt_swamp_rune_castle, layout_basic_swamp, swamp_pool1,
          infiniplex_staircase_pool, uniq_donald
Spider:1: layout_spider_delve, gammafunk_ghost_split
Spider:2: layout_spider_delve, nicolae_spider_cling_ruins
Spider:3: layout_spider_delve, drop_trap
Spider:4: johnstein_spider_rune_arachne_lair, portal_ice_cave_entry_pillars_2,
          drop_trap, uniq_arachne
Slime:1:  layout_caves
Slime:2:  layout_caves, cheibrodos_slime_lost_civilization_6
Slime:3:  layout_caves, cheibrodos_slime_lost_civilization_7
Slime:4:  layout_caves
Slime:5
Orc:1:    layout_diamond_mine, mines5_lemuel
Orc:2:    grunt_orc_cross, layout_caves, uniq_jorgrun
Elf:1:    eino_elf_arrival_customs, layout_loops_corners, serial_shops,
          nicolae_shop_waterfront, nicolae_shop_waterfront,
          nicolae_shop_behind_doors, nicolae_shop_statue_plus,
          minmay_elf_crystal_heptagon
Elf:2:    layout_geoelf_octagon, gammafunk_ghost_wrathful_warriors, minivault_27
Elf:3:    minmay_elf_hall_x, layout_loops_cross
Vaults:1: st_smaller_cells, v_misc_33, v_misc_15, vaults_room_mumra_shop_pool,
          v_misc_8, hangedman_vaults_capsules, layout_vaults_quadrants
Vaults:2: v_misc_13, ontoclasm_vaults_ring_small, v_alt_pattern_5,
          minmay_crypt_entry_simple_sparse, nicolae_vaults_hallways_thing,
          nicolae_vaults_alarming, sword_in_stone, grunt_vaults_focal,
          nicolae_vaults_diagonal_hallway_8, ontoclasm_vaults_shuriken,
          nicolae_vaults_little_squares_3,
          vaults_standard_mumra_enter_the_diamond, ontoclasm_vaults_ring_square,
          ontoclasm_vaults_chip, layout_vaults_omnibox, uniq_sojobo, uniq_xtahua
Vaults:3: hangedman_vaults_unwind, v_misc_27, hangedman_vaults_nails,
          ontoclasm_vaults_pinch, nicolae_vaults_big_ls, vaults_dpeg_spiral,
          nicolae_vaults_little_squares_2, nicolae_vaults_shelves_hall,
          ontoclasm_vaults_eye, vaults_room_glass_cross, vaults_mumra_hex,
          ontoclasm_vaults_twist, vaults_room_hallway, layout_vaults_omnicross,
          portal_desolation_entry_salt, uniq_margery
Vaults:4: v_rooms_2, nicolae_vaults_border_crossing, st_squares, v_rooms_1,
          nicolae_vaults_puzzle_piece, grunt_vaults_funnel, vaults_mumra_lcd,
          v_alt_pattern_2, nicolae_vaults_little_squares_1, layout_vaults_ring

Skill      XL: |  1  2  3  4  5  6  7  8  9 10 11 12 13 14 15 16 17 18 19 20 21 22 |
---------------+-------------------------------------------------------------------+-----
Unarmed Combat | 4 5 6 7 8 11 13 14 15 17 18 19 20 | 20.9
Fighting       | 3 5 6 7 8 10 11 13 16 | 16.0
Armour         | 5 7 10 11 13 | 13.0
Shields        | 8 13 15 | 15.0
Dodging        | 4 |  4.8
Earth Magic    | 11 13 14 | 14.7
Spellcasting   | 5 |  5.0
Transmutations | 5 8 |  8.2
Stealth        | |  1.0

Action                   |  1- 3 |  4- 6 |  7- 9 | 10-12 | 13-15 | 16-18 | 19-21 | 22-24 || total
-------------------------+-------+-------+-------+-------+-------+-------+-------+-------++-------
Melee: Unarmed           |    84 |   174 |   287 |   429 |  1082 |  1488 |  1363 |   350 ||  5257
       Punch             |       |     6 |     6 |    32 |    76 |       |       |       ||   120
       Kick              |       |       |       |       |       |       |   129 |   103 ||   232
       Pseudopods        |       |       |       |       |       |       |   110 |    64 ||   174
       Headbutt          |       |       |       |       |       |       |     3 |    63 ||    66
Invok: Request Jelly     |       |       |       |       |       |       |    16 |       ||    16
       Cure Bad Mutation |       |       |       |       |       |       |     1 |     2 ||     3
       Slimify           |       |       |       |       |       |       |     1 |     3 ||     4
Evoke: Wand              |       |       |       |     9 |     2 |     1 |       |       ||    12
       Phantom mirror    |       |       |       |       |       |     1 |       |       ||     1
       Lamp of fire      |       |       |       |       |       |       |     1 |       ||     1
  Use: Scroll            |       |       |    21 |     8 |    12 |     9 |     9 |     3 ||    62
       Potion            |       |       |       |       |    11 |     4 |     5 |     1 ||    21
 Stab: Sleeping          |     4 |     7 |       |       |       |       |       |       ||    11
       Invisible         |       |       |       |       |    13 |       |       |       ||    13
       Distracted        |       |       |       |       |     1 |       |     3 |     1 ||     5
       Confused          |       |       |       |       |       |     3 |     3 |       ||     6
       Paralysed         |       |       |       |       |       |       |     1 |       ||     1
  Eat: Chunk             |     2 |    20 |    28 |    56 |    81 |    63 |    18 |     7 ||   275
       Ration            |     1 |       |     1 |     2 |       |    15 |     8 |       ||    27
Armor: Robe              |    37 |    31 |       |       |       |       |       |       ||    68
       Pearl dragon scal |       |    49 |   150 |   208 |   610 |   769 |   287 |    48 ||  2121
Dodge: Dodged            |    58 |    56 |   107 |   121 |   343 |   420 |   254 |    46 ||  1405
Block: Other             |       |    13 |     4 |       |       |       |       |       ||    17
       Tower shield      |       |       |       |       |   333 |  1663 |   951 |   255 ||  3202

Table legend:
 A = Non-vault XP
 B = Vault XP
 C = Vault XP percentage of total XP
 D = Non-vault monster count
 E = Vault monster count
 F = Vault count percentage of total count
                 A         B        C        D         E       F
            +---------+---------+-------+---------+---------+-------
      Total |  427406 |  368292 |  46.3 |    1263 |     661 |  34.4
            +---------+---------+-------+---------+---------+-------
        D:1 |      31 |       0 |   0.0 |      17 |       0 |   0.0
        D:2 |     227 |      18 |   7.3 |      21 |       4 |  16.0
        D:3 |     126 |       7 |   5.3 |      23 |       4 |  14.8
        D:4 |     153 |      18 |  10.5 |      14 |       1 |   6.7
        D:5 |     731 |       0 |   0.0 |      22 |       0 |   0.0
        D:6 |     720 |     123 |  14.6 |      23 |       6 |  20.7
        D:7 |     786 |     135 |  14.7 |      21 |      14 |  40.0
        D:8 |     684 |       0 |   0.0 |      19 |       0 |   0.0
        D:9 |    1426 |    3119 |  68.6 |       9 |      13 |  59.1
       D:10 |    2362 |    1683 |  41.6 |      41 |       2 |   4.7
       D:11 |    6007 |    2813 |  31.9 |      43 |      11 |  20.4
       D:12 |    9315 |    3023 |  24.5 |      48 |      13 |  21.3
       D:13 |    8467 |   20205 |  70.5 |      42 |      36 |  46.2
       D:14 |    5886 |    5273 |  47.3 |      39 |       6 |  13.3
       D:15 |    7601 |    1092 |  12.6 |      22 |       2 |   8.3
     Lair:1 |    2117 |    1528 |  41.9 |      13 |       8 |  38.1
     Lair:2 |    1611 |    1326 |  45.1 |       8 |       4 |  33.3
     Lair:3 |    3353 |     827 |  19.8 |      15 |       7 |  31.8
     Lair:4 |    3406 |     728 |  17.6 |      11 |       3 |  21.4
     Lair:5 |    8516 |    3855 |  31.2 |      35 |       8 |  18.6
     Lair:6 |   23750 |    3336 |  12.3 |      60 |       7 |  10.4
    Swamp:1 |   17597 |    2389 |  12.0 |      42 |       1 |   2.3
    Swamp:2 |   10331 |       0 |   0.0 |      23 |       0 |   0.0
    Swamp:3 |   16075 |    8218 |  33.8 |      35 |      20 |  36.4
    Swamp:4 |   17546 |   21422 |  55.0 |      45 |      34 |  43.0
   Spider:1 |    8436 |    3779 |  30.9 |      29 |       8 |  21.6
   Spider:2 |    6505 |       0 |   0.0 |      18 |       0 |   0.0
   Spider:3 |   11976 |       0 |   0.0 |      26 |       0 |   0.0
   Spider:4 |   13357 |   32817 |  71.1 |      41 |      60 |  59.4
    Slime:1 |   22897 |       0 |   0.0 |      36 |       0 |   0.0
    Slime:2 |    5275 |       0 |   0.0 |      11 |       0 |   0.0
    Slime:3 |    1326 |       0 |   0.0 |       5 |       0 |   0.0
    Slime:4 |    6438 |    2379 |  27.0 |      11 |       1 |   8.3
    Slime:5 |    4532 |    5986 |  56.9 |       3 |       4 |  57.1
      Orc:1 |    4526 |    4204 |  48.2 |      48 |      11 |  18.6
      Orc:2 |    3392 |   11685 |  77.5 |      35 |      34 |  49.3
      Elf:1 |    9310 |    9121 |  49.5 |      15 |      13 |  46.4
      Elf:2 |   10883 |    1826 |  14.4 |      18 |       2 |  10.0
      Elf:3 |   16396 |   52135 |  76.1 |      32 |      34 |  51.5
   Vaults:1 |   23825 |   12649 |  34.7 |      32 |      18 |  36.0
   Vaults:2 |   36026 |   34676 |  49.0 |      60 |      26 |  30.2
   Vaults:3 |   30317 |   38483 |  55.9 |      38 |      48 |  55.8
   Vaults:4 |   24219 |   17749 |  42.3 |      42 |      21 |  33.3
    Abyss:2 |   22926 |     598 |   2.5 |      47 |       2 |   4.1
    Abyss:3 |   12489 |       0 |   0.0 |      21 |       0 |   0.0
    Abyss:4 |    3531 |       0 |   0.0 |       4 |       0 |   0.0
    Ossuary |       0 |     329 | 100.0 |       0 |      30 | 100.0
      IceCv |       0 |    9826 | 100.0 |       0 |      53 | 100.0
 Desolation |       0 |   45053 | 100.0 |       0 |      80 | 100.0
   Gauntlet |       0 |    3859 | 100.0 |       0 |      12 | 100.0
            +---------+---------+-------+---------+---------+-------
